 Dungeon Crawl Stone Soup version 0.18.1-5-g4a78601 (webtiles) character file.

37 juanjsm the Sneak (level 3, 0/16 HPs)
             Began as a Spriggan Enchanter on May 10, 2016.
             Killed by nerve-wracking pain
             ... invoked by Jessica
              (8 damage)
             ... on level 2 of the Dungeon.
             The game lasted 00:03:56 (1016 turns).

juanjsm the Sneak (Spriggan Enchanter)              Turns: 1016, Time: 00:03:57

Health: 0/16       AC:  4    Str:  4    XL:     3   Next: 23%
Magic:  1/8        EV: 18    Int: 17    God:
Gold:   62         SH:  0    Dex: 16    Spells: 3 memorised, 2 levels left

rFire  . . .     SeeInvis +     a - +1 dagger
rCold  . . .     Gourm    .     b - +1 robe
rNeg   . . .     Faith    .     (shield restricted)
rPois  .         Spirit   .     (helmet restricted)
rElec  .         Dismiss  .     h - +0 cloak
rCorr  .         Reflect  .     (gloves unavailable)
SustAt .         Harm     .     (boots unavailable)
MR     .....                    (no amulet)
Stlth  +++.......               (no ring)
                                (no ring)

@: very slightly contaminated, very quick, not resistant to hostile
enchantments, fairly stealthy
A: unfitting armour, see invisible, herbivore 3, speed 3, slow metabolism 2
a: no special abilities


You were on level 2 of the Dungeon.
You were not hungry.

You visited 1 branch of the dungeon, and saw 2 of its levels.

You collected 62 gold pieces.

Inventory:

Hand Weapons
 a - a +1 dagger (weapon)
Armour
 b - a +1 robe (worn)
 h - a +0 cloak (worn)
Scrolls
 e - a scroll of fear {unknown}
 f - a scroll of remove curse {unknown}
 g - a scroll of identify {unknown}
Books
 c - a book of Maledictions

   Spells                             Type                      Level
   a - Corona                         Hexes                        1
   b - Ensorcelled Hibernation        Hexes/Ice                    2
   c - Confuse                        Hexes                        3
   d - Tukima's Dance                 Hexes                        3
   e - Dazzling Spray                 Conjuration/Hexes            3
Comestibles
 d - 2 bread rations


   Skills:
 + Level 1.3 Short Blades
 + Level 3.5 Dodging
 + Level 4.6 Stealth
 + Level 3.4 Spellcasting
 + Level 4.2 Hexes
 + Level 0.2 Ice Magic


You had 2 spell levels left.
You knew the following spells:

 Your Spells              Type           Power        Failure   Level  Hunger
a - Corona                Hex            ###....      2%          1    None
b - Ensorcelled Hibernat  Hex/Ice        ##....       12%         2    ##.....
c - Confuse               Hex            ###.....     10%         3    ###....


Dungeon Overview and Level Annotations

Branches:
Dungeon (2/15)

Altars:

Annotations:
D:2 Jessica


Innate Abilities, Weirdness & Mutations

You are tiny and cannot use many weapons and most armour.
You have supernaturally acute eyesight.
You are a herbivore.
You cover ground extremely quickly.
You need consume almost no food.


Message History

You hit Jessica but do no damage.
Jessica is moderately wounded.
Jessica closely misses you.
You barely miss Jessica.
Jessica is moderately wounded.
Jessica hits you with a dagger.
You hit Jessica but do no damage.
Jessica is moderately wounded.
Jessica barely misses you.
You hit Jessica but do no damage.
Jessica is moderately wounded.
Jessica closely misses you.
You barely miss Jessica.
Jessica is moderately wounded.
Jessica gestures wildly while chanting.
Jessica seems to speed up.
Jessica points at you and mumbles some strange words.
Pain shoots through your body!
Ouch! That really hurt!
You die...

#.# #.# #.#
#.# #.# #<#
#.# #.# #@#
..#######.#
8.......@.#
...........#
.8.)...w...#
...........#
.8.........#
...........#
8..........#


You could see a worm and Jessica.

Vanquished Creatures
  An adder (D:2)
  A dart slug (D:1)
  5 bats (D:1)
  3 giant cockroaches (D:1)
  4 goblins (D:1)
  3 hobgoblins (D:1)
  2 kobolds (D:1)
  3 giant newts (D:1)
22 creatures vanquished.

Notes
Turn   | Place    | Note
--------------------------------------------------------------
     0 | D:1      | juanjsm the Spriggan Enchanter began the quest for the Orb.
     0 | D:1      | Reached XP level 1. HP: 9/9 MP: 5/5
   416 | D:1      | Reached XP level 2. HP: 8/13 MP: 4/6
   422 | D:1      | Learned a level 2 spell: Ensorcelled Hibernation
   573 | D:1      | Reached XP level 3. HP: 15/16 MP: 2/8
   604 | D:1      | Learned a level 3 spell: Confuse
  1001 | D:2      | Noticed Jessica
  1016 | D:2      | Killed from afar by Jessica

Skill      XL: |  1  2 |
---------------+-------+-----
Hexes          | 4 |  4.2
Spellcasting   | 3 |  3.4
Short Blades   | |  1.3
Dodging        | |  3.5
Stealth        | |  4.6
Ice Magic      | |  0.2

Action                   || total
-------------------------++-------
Melee: Dagger            ||    76
 Cast: Corona            ||     8
       Ensorcelled Hiber ||    13
 Stab: Sleeping          ||    12
Armor: Robe              ||    14
Dodge: Dodged            ||    90
